 Dungeon Crawl Stone Soup version 0.22-a0-538-g76cc104 (webtiles) character file.

60 kae the Insei (level 3, 0/39 HPs)
             Began as a Demonspawn Transmuter on June 23, 2018.
             Slain by an orc
             ... wielding a +0 flail
              (2 damage)
             ... on level 3 of the Dungeon.
             The game lasted 00:01:46 (1635 turns).

kae the Insei (Demonspawn Transmuter)               Turns: 1635, Time: 00:01:46

Health: 0/39       AC: 21    Str: 10    XL:     3   Next: 82%
Magic:  6/6        EV:  2    Int: 14    God:
Gold:   75         SH:  0    Dex: 14    Spells: 3/6 levels left

rFire    . . .     SeeInvis .   i - +2 club
rCold    . . .     Gourm    .   (no shield)
rNeg     + + +     Faith    .   (armour currently unavailable)
rPois    +         Spirit   .   (helmet currently unavailable)
rElec    .         Reflect  .   (cloak currently unavailable)
rCorr    .         Harm     .   (gloves currently unavailable)
MR       .....     NoTele   +   (boots currently unavailable)
Stlth    +.........             (no amulet)
HPRegen  0.13/turn              l - ring of poison resistance
MPRegen  0.10/turn              (no ring)

@: tree-form, hasted, very quick
A: no striking features
a: no special abilities


You were on level 3 of the Dungeon.
You were hungry.
You were a tree.
You visited 1 branch of the dungeon, and saw 3 of its levels.

You collected 75 gold pieces.

Inventory:

Hand Weapons
 i - a +2 club (weapon)
Missiles
 a - 64 arrows
Armour
 b - a +0 robe (melded)
Jewellery
 l - a ring of poison resistance (left branch)
Wands
 j - a wand of disintegration (14)
Scrolls
 c - 2 scrolls of identify
 e - a scroll of enchant armour
 g - a scroll of fear {unknown}
 k - a scroll of teleportation {unknown}
Comestibles
 d - 3 rations


   Skills:
 - Level 1.0 Fighting
 - Level 1.7 Dodging
 * Level 3.4 Unarmed Combat
 + Level 2.4 Spellcasting
 * Level 2.7 Transmutations


You had 3 spell levels left.
You knew the following spells:

 Your Spells              Type           Power        Failure   Level  Hunger
a - Beastly Appendage     Tmut           #.....       8%          1    #......
b - Sticks to Snakes      Tmut           #.......     11%         2    ###....

Your spell library contained the following spells:

 Spells                   Type           Power        Failure   Level  Hunger
 Spider Form              Tmut/Pois      #.........   36%         3    ###....
 Blade Hands              Tmut           #.........   90%         5    ######.
 Ice Form                 Ice/Tmut       #.......     77%         4    #####..


Dungeon Overview and Level Annotations

Branches:
Dungeon (3/15)

Altars:
Wu Jian
Xom


Innate Abilities, Weirdness & Mutations

((You have a pair of horns on your head.))


Message History

Something hits you but does no damage.
You miss something. The orc hits you with a flail.
* * * LOW HITPOINT WARNING * * *
The orc hits you but does no damage. Something hits you but does no damage.
You barely miss something. The orc completely misses you.
The orc hits you but does no damage. Something hits you but does no damage.
You barely miss something. The orc hits you but does no damage.
You hit something. The orc hits you but does no damage.
Something hits you but does no damage.
You hit the orc.
The orc is heavily wounded.
The orc hits you but does no damage. Something hits you but does no damage.
The orc hits you but does no damage.
You closely miss the orc. The orc hits you but does no damage.
Something hits you but does no damage. The orc hits you but does no damage.
You barely miss the orc.
The orc is heavily wounded.
The orc hits you but does no damage. Something hits you but does no damage.
You closely miss something. The orc hits you with a flail.
You die...

.. ##.#. #..... # #.###
##..#.# .# . #....
....o## .##.# #...#
#.#... .....# #...#
#.#.o##...... #...#
#$###...o♣{.#
#...####.........###
>.........###.....##..
<.........##..........#
......#.#.##......##..#
#...#.._..##.#..!## .#
#S#.###.#......### #
##### <###....(..#.###
#...# #.#..#####.#.#
####.


You could see an orc priest and 2 orcs.

Vanquished Creatures
  2 adders (D:2)
  2 leopard geckos
  3 bats (D:1)
  3 giant cockroaches
  6 goblins
  7 hobgoblins
  3 kobolds
  A quokka (D:2)
  7 frilled lizards
  5 rats
39 creatures vanquished.

Notes
Turn   | Place    | Note
-------+----------+-------------------------------------------
     0 | D:1      | kae the Demonspawn Transmuter began the quest for the Orb.
     0 | D:1      | Reached XP level 1. HP: 15/15 MP: 3/3
   484 | D:1      | Mutation became permanent: You have a pair of small horns on your head. [demonic ancestry]
   484 | D:1      | Gained mutation: You have a pair of horns on your head. [demonic ancestry]
   484 | D:1      | Reached XP level 2. HP: 21/21 MP: 3/5
   512 | D:1      | Reached skill level 3 in Unarmed Combat
  1102 | D:2      | Gained mutation: You have a pair of horns on your head. [demonic ancestry]
  1102 | D:2      | Reached XP level 3. HP: 25/26 MP: 4/6
  1230 | D:2      | Learned a level 2 spell: Sticks to Snakes
  1341 | D:2      | Found an ornate altar of the Wu Jian Council.
  1520 | D:3      | Found a shimmering altar of Xom.
  1628 | D:3      | HP: 1/39 [orc/flail (6)]
  1635 | D:3      | Slain by an orc

Vault maps used:
D:1:      roderic_crossed_star
D:2:      overflow_temple_1_default
D:3:      lemuel_crystal_altar, amethyst_overflow_temple_binary, first_ration,
          nicolae_qazlal_eye_of_the_storm

Skill      XL: |  1  2 |
---------------+-------+-----
Transmutations | 2 |  2.7
Unarmed Combat | 3 |  3.4
Fighting       | |  1.0
Dodging        | |  1.7
Spellcasting   | |  2.4

Action                   || total
-------------------------++-------
Melee: Unarmed           ||    35
       Headbutt          ||    16
       Kick              ||     4
       Club              ||    92
       Punch             ||     1
 Cast: Beastly Appendage ||    10
       Sticks to Snakes  ||     2
  Use: Scroll            ||     5
       Potion            ||     2
 Stab: Sleeping          ||     1
  Eat: Chunk             ||     2
Armor: Robe              ||    16
       Skin              ||    27
Dodge: Dodged            ||    71

Table legend:
 A = Spawn XP
 B = Non-spawn XP
 C = Spawn XP percentage of total XP
 D = Spawn monster count
 E = Non-spawn monster count
 F = Spawn count percentage of total count
 G = Total turns spent on level
                    A         B        C        D         E        F      G
               +---------+---------+-------+---------+---------+-------+---------
         Total |       0 |      87 |   0.0 |       0 |      39 |   0.0 |  1635
               +---------+---------+-------+---------+---------+-------+---------
           D:1 |       0 |      30 |   0.0 |       0 |      18 |   0.0 |   830
           D:2 |       0 |      55 |   0.0 |       0 |      19 |   0.0 |   690
           D:3 |       0 |       2 |   0.0 |       0 |       2 |   0.0 |   115
               +---------+---------+-------+---------+---------+-------+---------
